 Dungeon Crawl Stone Soup version 0.28-a0-1038-g9c4cb8273d (webtiles) character file.

Game seed: 688233241676400787

136075 EWolf27 the Brawler (level 16, -4/162 HPs)
             Began as a Troll Fighter on May 11, 2021.
             Was the Champion of Qazlal.
             Slain by an entropy weaver (6 damage)
             ... on level 2 of the Lair of Beasts on Dec 8, 2021.
             The game lasted 03:19:07 (37247 turns).

EWolf27 the Brawler (Troll Fighter)                Turns: 37247, Time: 03:19:09

Health: -4/162     AC:  1    Str: 33    XL:     16   Next: 65%
Magic:  24/24      EV: 11    Int:  6    God:    Qazlal [******]
Gold:   1924       SH: 26    Dex: 12    Spells: 15/15 levels left

rFire   + . .      SeeInvis .     - Unarmed
rCold   . . .      Faith    .   R - +2 tower shield {rF+}
rNeg    + . .      Spirit   .   t - +2 robe {Will+}
rPois   +          Reflect  .   (helmet restricted)
rElec   +          Harm     .   j - +0 cloak
rCorr   .          Rampage  .   (gloves unavailable)
Will    +++..                   (boots unavailable)
Stlth   +.........              H - amulet of the acrobat
HPRegen 1.17/turn               U - ring "Dyxuene" {rElec rN+ Will+ Str+4}
MPRegen 0.19/turn               M - ring of poison resistance

@: protected from physical damage, corroded, studying Short Blades, repel
missiles
A: large, unfitting armour, claws 3, regeneration 1, shaggy fur 1, tough skin 1,
deformed body
a: Renounce Religion, Upheaval, Elemental Force, Disaster Area


You were on level 2 of the Lair of Beasts.
You worshipped Qazlal.
Qazlal was exalted by your worship.
You visited 6 branches of the dungeon, and saw 27 of its levels.
You also visited: Sewer.

You collected 2596 gold pieces.
You spent 672 gold pieces at shops.

Inventory:

Hand Weapons
 a - a +5 morningstar of protection
 P - a +0 vampiric giant spiked club
Missiles
 h - 97 poisoned darts
 q - 6 silver javelins
 J - 27 large rocks (quivered)
Armour
 d - a +2 robe of cold resistance
 j - a +0 cloak (worn)
 t - a +2 robe of willpower (worn)
 F - a +0 troll leather armour
 R - a +2 tower shield of fire resistance (worn)
Jewellery
 D - a ring of protection from cold
 H - an amulet of the acrobat (around neck)
 M - a ring of poison resistance (right claw)
 U - the ring "Dyxuene" (left claw) {rElec rN+ Will+ Str+4}
   (You took it off a deep elf knight on level 14 of the Dungeon)

   [ring of willpower]

   Str:       It affects your strength (+4).
   rElec:     It insulates you from electricity.
   rN:        It protects you from negative energy.
   Will:      It increases your willpower.
Wands
 v - a wand of digging (9)
 z - a wand of acid (24)
 C - a wand of mindburst (23)
 G - a wand of flame (46)
 N - a wand of iceblast (3)
Scrolls
 b - a scroll of brand weapon
 g - 4 scrolls of enchant weapon
 l - 3 scrolls of holy word
 n - 2 scrolls of silence
 o - 9 scrolls of teleportation
 u - 3 scrolls of fog
 x - a scroll of amnesia
 A - a scroll of enchant armour
 B - a scroll of immolation
 O - 3 scrolls of magic mapping
 Q - 2 scrolls of identify
Potions
 c - 5 potions of might
 e - 3 potions of ambrosia
 f - a potion of invisibility
 i - 16 potions of curing
 k - 3 potions of resistance
 m - 9 potions of heal wounds
 p - 2 potions of brilliance
 r - 10 potions of mutation
 s - 2 potions of berserk rage
 w - 2 potions of haste
 I - 4 potions of flight
 K - a potion of magic
 L - 2 potions of lignification
 V - a potion of cancellation


   Skills:
 - Level 11.0 Fighting
 + Level 6.4 Throwing
 - Level 9.0 Dodging
 + Level 11.0 Shields
 - Level 18.0 Unarmed Combat
 + Level 12.3 Invocations


You had 15 spell levels left.
You didn't know any spells.
Your spell library contained the following spells:

 Spells                   Type           Power      Damage    Failure   Level
 Beastly Appendage        Tmut           0%         N/A       75%         1
 Corona                   Hex            0%         N/A       75%         1
 Magic Dart               Conj           0%         1d3       75%         1
 Slow                     Hex            0%         N/A       75%         1
 Sting                    Tmut/Pois      0%         1d3       75%         1
 Blink                    Tloc           0%         N/A       86%         2
 Call Imp                 Summ           0%         N/A       86%         2
 Ensorcelled Hibernation  Hex/Ice        0%         N/A       86%         2
 Passwall                 Tmut/Erth      0%         N/A       86%         2
 Poisonous Vapours        Pois/Air       0%         N/A       86%         2
 Wereblood                Tmut           0%         N/A       86%         2
 Confusing Touch          Hex            0%         N/A       98%         3
 Conjure Flame            Conj/Fire      0%         6-21      98%         3
 Dazzling Flash           Conj/Hex       0%         N/A       98%         3
 Ignite Poison            Fire/Tmut/Pois 0%         N/A       98%         3
 Mephitic Cloud           Conj/Pois/Air  0%         N/A       98%         3
 Spider Form              Tmut/Pois      0%         N/A       98%         3
 Stone Arrow              Conj/Erth      0%         3d7       98%         3
 Swiftness                Air            0%         N/A       98%         3
 Tukima's Dance           Hex            0%         N/A       98%         3
 Olgreb's Toxic Radiance  Pois           0%         N/A       100%        4
 Blade Hands              Tmut           0%         N/A       100%        5
 Borgnjor's Vile Clutch   Necr/Erth      0%         N/A       100%        5
 Irradiate                Conj/Tmut      0%         3d13      100%        5
 Lee's Rapid Deconstruct  Erth           0%         3d5*      100%        5
 Yara's Violent Unravell  Hex/Tmut       0%         3d3       100%        5
 Statue Form              Tmut/Erth      0%         N/A       100%        6
 Dragon Form              Tmut           0%         N/A       100%        7


Dungeon Overview and Level Annotations

Branches:
Dungeon (15/15)            Temple (1/1) D:4            Lair (6/6) D:11
 Shoals (2/4) Lair:3       Spider (1/4) Lair:2        Slime (0/5) Lair:5
    Orc (2/2) D:9             Elf (0/3) Orc:2        Vaults (0/5) D:14
 Depths (0/5) D:15          Sewer (visited)

Altars:
Ashenzari
Cheibriados
Dithmenos
Elyvilon
Fedhas
Gozag
Hepliaklqana
Kikubaaqudgha
Makhleb
Nemelex Xobeh
Okawaru
Qazlal
Ru
Sif Muna
Trog
Uskayaw
Vehumet
Wu Jian
Xom
Yredelemnul
Zin
The Shining One
Beogh

Shops:
D:8 (   D:11 [   D:12 =   D:14 *!   D:15 =   Orc:2 =[*:!?(**   Shoals:2 *

Annotations:
D:10 3 runed translucent doors
Lair:2 exclusion: 3 oklob plants
Shoals:2 3 runed translucent doors, exclusion: obsidian statue, Decritt's ghost, adept GrEE


Innate Abilities, Weirdness & Mutations

You are too large for most types of armour.
You have claws for hands.
Your natural rate of healing is unusually fast.
You are covered in fur. (AC +1)
You have tough skin. (AC +1)
Armour fits poorly on your strangely shaped body.


Message History

The entropy weaver is lightly wounded.
You block the entropy weaver's attack. x3; The entropy weaver hits you!
You scratch the entropy weaver but do no damage.
The entropy weaver is lightly wounded.
You block the entropy weaver's attack. The entropy weaver hits you!
You block the entropy weaver's attack. The entropy weaver hits you!
Press: ? - help, v - describe, . - travel, g - get item
Here: an entropy weaver (lightly wounded)
Items here: a tarantella corpse; a redback corpse.
The floor.
An entropy weaver is nearby!
Throw: 28 large rocks
Press: ? - help, Q - select action, (/) - cycle Shift-Dir - straight line, f/p - entropy weaver
Aim: an entropy weaver (lightly wounded, 57% to hit)
You throw a large rock. The large rock hits the entropy weaver.
The entropy weaver is lightly wounded.
You block the entropy weaver's attack. The entropy weaver hits you!
You feel protected from physical attacks.
You block the entropy weaver's attack. The entropy weaver hits you.
You feel more protected from physical attacks.
The entropy weaver hits you.
You feel more protected from physical attacks.
You block the entropy weaver's attack. The entropy weaver hits you.
* * * LOW HITPOINT WARNING * * *
The entropy weaver hits you.
* * * LOW HITPOINT WARNING * * *
The entropy weaver hits you!
* * * LOW HITPOINT WARNING * * *
The entropy weaver hits you!
* * * LOW HITPOINT WARNING * * *
You block the entropy weaver's attack. The entropy weaver hits you!
* * * LOW HITPOINT WARNING * * *
You feel much better. The entropy weaver hits you!
* * * LOW HITPOINT WARNING * * *
You feel more protected from physical attacks.
The entropy weaver hits you!
* * * LOW HITPOINT WARNING * * *
You feel more protected from physical attacks.
The entropy weaver hits you.
You die...

##....## #...<.....#####..
#...#.# ###...##### #..
##.....####.....#.## #..
#.....##.#.#...#^#.# #..
##....###.###.#.#.## ##..
#....P###.#.#.#.## ##...
#....###^###.###^# #.#>.
#....P#^#.#####.## ###...
##.....##@###.###}###.##..
#.....####B#.s.#.###......
#.....# ##..>.^## #......
#.....######...## ###P...
##....##P###≈≈≈## ##...
#..............# ###...
#..######.#...## #.#...
##..# ###...# ####....
#P..## #...####.###...


You could see an entropy weaver.

Vanquished Creatures
  A kraken (Shoals:2)
  Roxanne (D:15)
  A stone giant (D:15)
  The ghost of Tetteh the Carver, a journeyman DrBe of Trog (Lair:5)
  8 hydras
  4 two-headed ogres
  A merfolk javelineer (Shoals:2)
  An ettin (Orc:1)
  A merfolk impaler (Shoals:1)
  A fire dragon (Lair:6)
  4 ogre magi
  2 boulder beetles
  2 catoblepae
  6 death yaks
  A dancing weapon (Lair:5)
  A merfolk aquamancer (Shoals:2)
  Nergalle (Lair:1)
  9 tengu warriors
  6 skeletal warriors
  2 orc high priests (Orc:2)
  A deep elf knight (D:14)
  A fire crab (Lair:6)
  5 sea snakes (Shoals:1)
  The ghost of Mandevil the Ogre Mage, a novice OgWz of Gozag (D:6)
  A wizard (D:15)
  Pikel (D:6)
  2 orc knights
  A lindwurm (Lair:3)
  8 harpies (Shoals:2)
  11 ugly things (D:14)
  8 orc sorcerers (Orc:2)
  A salamander (shapeshifter) (D:14)
  17 manticores
  4 deep elf pyromancers
  4 fauns (Shoals:1)
  2 wolf spiders (Lair:2)
  A shining eye (shapeshifter) (D:15)
  6 cyclopes
  5 black mambas
  3 water nymphs
  16 elephants
  4 gargoyles
  2 torpor snails
  2 molten gargoyles (Lair:6)
  5 merfolk sirens
  13 cane toads
  Maggie (Lair:1)
  3 freezing wraiths
  10 komodo dragons
  A yaktaur (D:14)
  An efreet (D:15)
  An unseen horror (D:11)
  4 kobold demonologists
  5 rime drakes
  A tengu conjurer (D:14)
  8 jumping spiders
  10 merfolk
  A queen bee (Lair:2)
  2 polar bears
  5 wind drakes
  A meliai (shapeshifter) (D:14)
  3 trolls
  26 blink frogs
  12 slime creatures
  9 dream sheep
  A snapping turtle (Shoals:1)
  2 shadows
  10 redbacks
  3 water elementals
  8 tarantellas
  66 yaks
  9 wyverns
  9 basilisks
  2 vampires (D:12)
  3 wraiths
  6 vampire mosquitoes
  4 steam dragons
  2 wargs
  22 water moccasins
  Duvessa (D:4)
  4 hell hounds (Lair:6)
  18 orc warriors
  2 sky beasts (D:6)
  A black bear (Lair:3)
  14 ogres
  5 boggarts (D:14)
  13 wolves
  6 centaurs
  3 lemures (D:6)
  5 phantoms
  5 kobold brigands
  Blork the orc (D:4)
  14 bullfrogs
  2 gnoll sergeants
  4 scorpions
  Dowan (D:4)
  A water moccasin zombie (D:7)
  2 hornet simulacra (D:14)
  A troll zombie (D:9)
  A water moccasin skeleton (D:3)
  35 killer bees
  11 wights
  5 lava snakes (Lair:6)
  5 centaur zombies
  9 hounds
  6 jellies
  10 orc priests
  4 bullfrog skeletons
  4 gnoll shamans
  5 centaur skeletons
  3 iguanas
  12 hell rats (Lair:1)
  30 orc wizards
  A killer bee zombie (D:7)
  5 ogre zombies (D:9)
  A howler monkey zombie (D:6)
  Robin (D:4)
  7 adders
  10 gnolls
  2 howler monkey skeletons
  18 river rats
  A white imp (D:8)
  An adder skeleton (D:4)
  A worm (D:3)
  3 dart slugs
  55 orcs
  3 endoplasms
  8 giant cockroaches
  16 goblins
  12 hobgoblins
  13 jackals
  42 kobolds
  8 quokkas
  11 ball pythons
  2 bats (D:1)
  8 frilled lizards
  A goblin skeleton (D:9)
  2 goblin zombies (D:9)
  3 hobgoblin skeletons (D:9)
  A hobgoblin zombie (D:9)
  12 orc zombies (D:9)
  32 rats
  5 tentacles (Shoals:2)
958 creatures vanquished.

Vanquished Creatures (others)
  A necromancer (D:15)
  A merfolk (Shoals:2)
  3 orcs
  43 fungi
  66 plants
  23 tentacles (Shoals:2)
137 creatures vanquished.

Grand Total: 1095 creatures vanquished

Notes
Turn   | Place    | Note
-------+----------+-------------------------------------------
     0 | D:1      | EWolf27 the Troll Fighter began the quest for the Orb.
     0 | D:1      | Reached XP level 1. HP: 22/22 MP: 0/0
   242 | D:1      | Reached XP level 2. HP: 29/29 MP: 1/1
   901 | D:2      | Reached XP level 3. HP: 33/36 MP: 2/2
  1608 | D:3      | Reached XP level 4. HP: 17/45 MP: 3/3
  1649 | D:3      | Reached skill level 3 in Unarmed Combat
  1732 | D:3      | Found a faded altar of an unknown god.
  1931 | D:3      | Found a glowing drain.
  1949 | Sewer    | Entered a sewer
  1973 | Sewer    | Reached XP level 5. HP: 53/53 MP: 4/4
  2234 | Sewer    | Reached XP level 6. HP: 41/61 MP: 5/5
  3284 | D:4      | Noticed Robin
  3311 | D:4      | Killed Robin
  3440 | D:4      | Noticed a water moccasin
  3455 | D:4      | Killed a water moccasin
  3456 | D:4      | Reached skill level 4 in Unarmed Combat
  3456 | D:4      | Reached XP level 7. HP: 50/68 MP: 6/6
  3489 | D:4      | Noticed Blork the orc
  3506 | D:4      | Killed Blork the orc
  3645 | D:4      | Found a staircase to the Ecumenical Temple.
  3645 | D:4      | Noticed Dowan
  3665 | D:4      | Noticed Duvessa
  3673 | D:4      | Killed Duvessa
  3675 | Temple   | Entered the Ecumenical Temple
  3922 | Temple   | Became a worshipper of Qazlal Stormbringer
  3951 | D:4      | Killed Dowan
  4058 | D:4      | Reached skill level 5 in Unarmed Combat
  4098 | D:4      | Reached skill level 1 in Invocations
  4119 | D:4      | Reached XP level 8. HP: 54/79 MP: 7/7
  4432 | D:5      | Entered Level 5 of the Dungeon
  4612 | D:5      | Identified the +3 hunting sling "Poroth" {flame, rElec rN+
                  | Dex-5}
  5053 | D:5      | Reached * piety under Qazlal
  5054 | D:5      | Reached skill level 6 in Unarmed Combat
  5394 | D:5      | Reached skill level 5 in Fighting
  5610 | D:6      | Reached skill level 5 in Dodging
  5860 | D:6      | Found a runed translucent door.
  5865 | D:6      | Noticed Mandevil's ghost (novice OgWz)
  5902 | D:6      | Reached skill level 7 in Unarmed Combat
  5960 | D:6      | Reached XP level 9. HP: 87/88 MP: 10/10
  6266 | D:6      | Noticed Pikel
  6316 | D:6      | Killed Pikel
  7061 | D:7      | Reached skill level 8 in Unarmed Combat
  7272 | D:7      | Found a broken altar of Ashenzari.
  7487 | D:7      | Reached ** piety under Qazlal
  8969 | D:8      | Reached XP level 10. HP: 87/98 MP: 12/12
  9045 | D:8      | Reached skill level 9 in Unarmed Combat
  9236 | D:8      | Identified the +1 pair of boots "Ykir" {Int+2 Stlth+}
  9915 | D:8      | Found Kebralyost's Antique Weapon Shop.
 10116 | D:8      | Reached skill level 5 in Invocations
 10317 | D:9      | Reached *** piety under Qazlal
 10705 | D:9      | Reached skill level 10 in Unarmed Combat
 10913 | D:9      | Found a staircase to the Orcish Mines.
 11611 | Orc:1    | Entered Level 1 of the Orcish Mines
 11614 | Orc:1    | Noticed an orc knight
 11656 | D:10     | Entered Level 10 of the Dungeon
 12294 | D:10     | Reached XP level 11. HP: 104/105 MP: 14/14
 12381 | D:10     | Reached **** piety under Qazlal
 12382 | D:10     | Reached skill level 11 in Unarmed Combat
 12581 | D:10     | Found a runed translucent gate.
 12582 | D:10     | Found a runed translucent gate.
 12582 | D:10     | Noticed a green very ugly thing
 12583 | D:10     | Found a runed translucent gate.
 12583 | D:10     | Noticed a purple ugly thing
 12583 | D:10     | Noticed a white ugly thing
 12583 | D:10     | Noticed a cyan ugly thing
 12584 | D:10     | Noticed a glowing orange brain
 12586 | D:10     | Noticed a purple ugly thing
 12586 | D:10     | Noticed a cyan ugly thing
 12815 | D:11     | Found Neoklelul's Antique Armour Emporium.
 12970 | D:11     | Noticed a two-headed ogre
 13005 | D:11     | Killed a two-headed ogre
 13030 | D:11     | Found a staircase to the Lair.
 13994 | D:11     | Reached skill level 12 in Unarmed Combat
 14460 | D:12     | Noticed a skeletal warrior
 14467 | D:12     | Noticed a skeletal warrior
 14472 | D:12     | Noticed a skeletal warrior
 14536 | D:11     | Killed a skeletal warrior
 14774 | D:11     | Killed a skeletal warrior
 15146 | D:12     | Found Dazauvoq's Jewellery Boutique.
 15146 | D:12     | Noticed a skeletal warrior
 15275 | Lair:1   | Entered Level 1 of the Lair of Beasts
 15308 | Lair:1   | Reached XP level 12. HP: 114/114 MP: 16/16
 15429 | Lair:1   | Noticed Nergalle
 15445 | Lair:1   | Killed Nergalle
 15446 | Lair:1   | Reached skill level 13 in Unarmed Combat
 15532 | Lair:1   | Reached ***** piety under Qazlal
 15652 | Lair:1   | Noticed Maggie
 15667 | Lair:1   | Killed Maggie
 16331 | Lair:1   | Reached skill level 5 in Shields
 16892 | Lair:2   | Reached skill level 14 in Unarmed Combat
 16935 | Lair:2   | Reached ****** piety under Qazlal
 16949 | Lair:2   | HP: 2/114 [killer bee (5)]
 17714 | Lair:2   | Reached XP level 13. HP: 79/120 MP: 14/18
 17848 | Lair:2   | Found a hole to the Spider Nest.
 18728 | Lair:3   | Reached skill level 15 in Unarmed Combat
 18959 | Lair:3   | Found a staircase to the Shoals.
 19670 | Lair:4   | Reached skill level 10 in Invocations
 19670 | Lair:4   | Upgraded the game from 0.27-a0-1147-gb3d8e82157 to
                  | 0.28-a0-987-g8383568036
 19766 | Lair:4   | Reached skill level 16 in Unarmed Combat
 20984 | Lair:5   | Reached XP level 14. HP: 95/133 MP: 20/20
 21111 | Lair:6   | Entered Level 6 of the Lair of Beasts
 21306 | Lair:5   | Found a staircase to the Slime Pits.
 21323 | Lair:5   | Found a runed translucent door.
 21323 | Lair:5   | Found a shimmering altar of Xom.
 21323 | Lair:5   | Noticed Tetteh's ghost (journeyman DrBe)
 22028 | Lair:5   | Killed Tetteh's ghost
 22162 | Lair:5   | Reached skill level 17 in Unarmed Combat
 22412 | Lair:6   | Upgraded the game from 0.28-a0-987-g8383568036 to
                  | 0.28-a0-991-g956f0ee3d5
 23502 | Lair:5   | Found a staircase to the Slime Pits.
 24496 | Lair:6   | Found a large runed translucent door.
 24497 | Lair:6   | Found a large runed translucent door.
 25667 | D:6      | Killed Mandevil's ghost
 27244 | D:13     | Found a basalt altar of Yredelemnul.
 27480 | D:13     | Reached XP level 15. HP: 146/146 MP: 21/21
 27956 | D:14     | Found Qouz's Assorted Antiques.
 27966 | D:14     | Bought a scroll of teleportation for 72 gold pieces
 27966 | D:14     | Bought a scroll of identify for 48 gold pieces
 27966 | D:14     | Bought a scroll labelled MOFAXT RUYBA for 24 gold pieces
 27966 | D:14     | Bought a glowing tower shield for 180 gold pieces
 27975 | D:14     | Reached skill level 18 in Unarmed Combat
 28241 | D:14     | Found a gate to the Vaults.
 28982 | D:14     | Reached skill level 1 in Throwing
 29199 | D:14     | Identified the ring "Meisuergh" {rElec Dex+3 SInv}
 29254 | D:14     | Identified the +2 leather armour of Xom's Pride {*Corrode
                  | rC+ Regen+ Slay+3}
 29470 | D:14     | Identified the ring "Dyxuene" {rElec rN+ Will+ Str+4}
 29562 | D:14     | Found Zeapnen's Distillery.
 29570 | D:14     | Bought a potion of cancellation for 80 gold pieces
 29570 | D:14     | Bought a potion of heal wounds for 50 gold pieces
 29842 | Shoals:1 | Entered Level 1 of the Shoals
 29977 | Shoals:1 | Upgraded the game from 0.28-a0-991-g956f0ee3d5 to
                  | 0.28-a0-998-gb9e9c7b67e
 30346 | Shoals:1 | Reached skill level 10 in Fighting
 30535 | Shoals:1 | Identified the +1 hand axe "Tokeetem" {vorpal, rC+ rN+
                  | rCorr Stlth-}
 31044 | Shoals:2 | Noticed a kraken
 31850 | Shoals:2 | Reached skill level 10 in Shields
 32033 | Shoals:2 | Killed a kraken
 32097 | Shoals:2 | Found a runed translucent gate.
 32097 | Shoals:2 | Found a runed translucent gate.
 32097 | Shoals:2 | Found a runed translucent gate.
 32099 | Shoals:2 | Found an opulent altar of Gozag.
 32100 | Shoals:2 | Noticed Decritt's ghost (adept GrEE)
 32481 | Shoals:2 | Found Ciecar's Assorted Antiques.
 32499 | Shoals:2 | Reached XP level 16. HP: 149/159 MP: 23/23
 32616 | Shoals:2 | Upgraded the game from 0.28-a0-998-gb9e9c7b67e to
                  | 0.28-a0-1027-g57bb0be0ea
 33012 | Shoals:2 | Identified the +6 leather armour of the Thinker {rPois rC+
                  | Dex+4 Stlth+}
 33224 | D:9      | Identified the +3 ring mail "Niyduk" {Int+2}
 33618 | Orc:1    | Upgraded the game from 0.28-a0-1027-g57bb0be0ea to
                  | 0.28-a0-1032-ga8db75c868
 33619 | Orc:2    | Entered Level 2 of the Orcish Mines
 33902 | Orc:2    | Found Pumihewn's General Store.
 33917 | Orc:2    | Bought a potion of heal wounds for 55 gold pieces
 33921 | Orc:2    | Found Tueteitz's Distillery.
 34021 | Orc:2    | Found Zuroext's General Store.
 34172 | Orc:2    | Reached skill level 5 in Throwing
 34376 | Orc:2    | Found Zauhekiamp's Jewellery Boutique.
 34594 | Orc:2    | Found a staircase to the Elven Halls.
 34755 | Orc:2    | Found an ancient bone altar of Kikubaaqudgha.
 34784 | Orc:2    | Found Tokhliven's Book Emporium.
 34847 | Orc:2    | Found a radiant altar of Vehumet.
 34892 | Orc:2    | Found Filom's Magic Scroll Emporium.
 34923 | Orc:2    | Found Nazothri's Antique Weapon Shoppe.
 34968 | Orc:2    | Bought a scroll of teleportation for 45 gold pieces
 35008 | Orc:2    | Found Doz Ashe's Antique Armour Emporium.
 35017 | Orc:2    | Bought a glowing robe for 118 gold pieces
 35157 | Orc:2    | Found Xuuwk's Assorted Antiques.
 35291 | Spider:1 | Entered Level 1 of the Spider Nest
 35855 | D:15     | Entered Level 15 of the Dungeon
 36160 | D:14     | Upgraded the game from 0.28-a0-1032-ga8db75c868 to
                  | 0.28-a0-1038-g9c4cb8273d
 36185 | D:15     | Identified Roxanne's Almanac of Earth
 36185 | D:15     | Noticed Roxanne
 36199 | D:15     | Killed Roxanne
 36208 | D:15     | Gained mutation: Armour fits poorly on your strangely
                  | shaped body. [a shining eye]
 36271 | D:15     | Found Ywuorynu's Jewellery Shoppe.
 36413 | D:15     | Found a staircase to the Depths.
 37247 | Lair:2   | HP: 2/162 [entropy weaver (14)]
 37247 | Lair:2   | Slain by an entropy weaver

Illustrated notes

Levels and vault maps discovered:
D:1:      mrwooster_arrival_statue_3, layout_loops_cross
D:2:      layout_basic
D:3:      layout_basic, portal_sewer_entry_f,
          ebering_ecumenical_altar_petrified, minmay_splitting_lines
D:4:      layout_rooms, minmay_temple_entry_arrows, uniq_robin,
          uniq_blork_the_orc, uniq_duvessa
D:5:      layout_basic, kennysheep_potato
D:6:      layout_loops_corners, ebering_ghost_reflecting_pool, uniq_pikel
D:7:      layout_layer_cave, lemuel_doored_altar, kennysheep_generic_room_16
D:8:      kennysheep_housing_project, layout_basic, serial_shops,
          kennysheep_mini
D:9:      layout_gridville, zombieorc1_lemuel, ebering_dispersal_statue_hall
D:10:     layout_basic, ploomutoo_gammafunk_ghost_potion_laboratory
D:11:     layout_gridville, erik_lair_island, serial_shops, shop
D:12:     layout_loops_ring, serial_shops, shop
D:13:     layout_stronghold, statue_in_the_mist_lemuel,
          yredelemnul_altar_generic
D:14:     minmay_the_grid_triangle_9x9_recursive_2
          [minmay_the_grid_triangle_9x9_prize_schism,
          minmay_the_grid_triangle_9x9_longest,
          minmay_the_grid_triangle_9x9_stretched_checkered,
          minmay_the_grid_triangle_9x9_odd_lines], layout_gridville,
          david_vaults_4, serial_shops, nicolae_shop_statue_plus, shop
D:15:     hangedman_depths_entry_civil_slaughter, layout_gridville,
          serial_shops, nicolae_shop_competitors_out_of_business,
          roderic_filled_cross, uniq_roxanne
Temple:   minmay_crystal_snake_temple
Lair:1:   lemuel_ratsnest, layout_hall_layers, chequers_serial_rivers_micro_a,
          serial_bayou_pond_d, uniq_maggie, uniq_nergalle
Lair:2:   hangedman_what_comes_after_a, layout_chaotic_city,
          nicolae_spider_entry_tight_spaces, minmay_holes
Lair:3:   layout_loops_ring, minmay_shoals_entry_beasts, serial_bayou_shore_a
Lair:4:   layout_roguey, nzn_random_ring
Lair:5:   layout_cave_pods, minmay_slime_entry_pillars, ebering_ghost_xom
Lair:6:   cheibrodos_lair_end_hotspot, layout_gridlike
Shoals:1: layout_shoals
Shoals:2: layout_shoals, ebering_ghost_gozag
Spider:1: layout_spider_delve, uniq_azrael
Orc:1:    layout_caves, hangedman_minor_magic
Orc:2:    kennysheep_orc_mage_school, layout_diamond_mine, serial_shops,
          nicolae_lakefront_shop, nicolae_shop_behind_doors, shop_fountains,
          nicolae_shop_hallway_plus, nicolae_lakefront_shop,
          kennysheep_orc_chapel

Skill      XL: |  1  2  3  4  5  6  7  8  9 10 11 12 13 14 15 16 |
---------------+-------------------------------------------------+-----
Fighting       | 3 4 5 6 7 9 10 11 | 11.0
Dodging        | 3 4 5 6 7 8 9 |  9.0
Shields        | 3 4 6 7 9 10 11 | 11.0
Unarmed Combat | 3 4 5 7 8 10 12 14 16 17 18 | 18.0
Invocations    | 1 3 4 6 7 9 10 11 12 | 12.3
Throwing       | 4 6 |  6.4

Action                   |  1- 3 |  4- 6 |  7- 9 | 10-12 | 13-15 | 16-18 || total
-------------------------+-------+-------+-------+-------+-------+-------++-------
Melee: Unarmed           |   118 |   193 |   406 |   775 |  1023 |   322 ||  2837
       Morningstar       |       |       |       |       |    38 |     6 ||    44
Throw: Stone             |       |     2 |       |       |    22 |       ||    24
       Dart              |       |       |       |     1 |     2 |       ||     3
       Large rock        |       |       |       |       |     5 |    14 ||    19
       Javelin           |       |       |       |       |       |     5 ||     5
Invok: Upheaval          |       |       |       |     3 |    10 |     9 ||    22
       Disaster Area     |       |       |       |       |       |     1 ||     1
Evoke: Wand              |       |       |       |       |     5 |       ||     5
  Use: Scroll            |       |     6 |     1 |     8 |    17 |     4 ||    36
       Potion            |       |       |       |     4 |     2 |     1 ||     7
 Stab: Sleeping          |     1 |       |     1 |     1 |       |       ||     3
Armor: Robe              |    43 |    80 |    87 |   131 |   182 |    50 ||   573
Dodge: Dodged            |    42 |    90 |   110 |   291 |   417 |   124 ||  1074
       Repelled          |       |       |       |     4 |     9 |     4 ||    17
Block: Kite shield       |    61 |   135 |   235 |   781 |   558 |       ||  1770
       Tower shield      |       |       |       |       |   534 |   433 ||   967
       Other             |       |       |       |       |     1 |       ||     1

Table legend: (Time is in decaauts)
 A = Elapsed time spent in this place.
 B = Non-inter-level travel time spent in this place.
 C = Inter-level travel time spent in this place.
 D = Time resting spent in this place.
 E = Time spent auto-exploring this place.
 F = Levels seen in this place.
 G = Mean time per level.
                   A        B        C        D        E       F      G
               +--------+--------+--------+--------+--------+-----+--------+
         Total |  37320 |  34532 |   2788 |   7755 |  14023 |  28 | 1332.9 |
       Dungeon |  20271 |  18526 |   1745 |   3727 |   7377 |  15 | 1351.4 |
        Temple |    254 |    232 |     22 |     41 |    169 |   1 |  254.0 |
          Lair |  10857 |  10056 |    801 |   2071 |   4741 |   6 | 1809.5 |
        Shoals |   3264 |   3110 |    154 |   1281 |    975 |   2 | 1632.0 |
   Spider Nest |     17 |     17 |      0 |      0 |      0 |   1 |   17.0 |
  Orcish Mines |   1756 |   1691 |     65 |    291 |    541 |   2 |  878.0 |
         Sewer |    898 |    898 |      0 |    344 |    219 |   1 |  898.0 |
               +--------+--------+--------+--------+--------+-----+--------+

Top non-repeatable levels by time:
  Lair:5: 2353 daAuts
    D:11: 2345 daAuts
  Lair:1: 2174 daAuts
  Lair:6: 2015 daAuts
  Lair:2: 1968 daAuts
Shoals:1: 1809 daAuts
     D:8: 1737 daAuts
     D:9: 1716 daAuts
    D:14: 1680 daAuts
     D:7: 1641 daAuts
    D:13: 1583 daAuts
     D:6: 1566 daAuts
Shoals:2: 1455 daAuts
    D:10: 1332 daAuts
   Orc:2: 1322 daAuts
